 Dungeon Sprint DCSS version 0.29-a0-1006-g0dd7720b37 (webtiles) character file.

Game seed: 11216642281862685306

354644 mhtbhm the Heavyweight Champion (level 19, -33/211 HPs)
             Began as a Troll Transmuter on Aug 3, 2022.
             Was an Initiate of Gozag.
             Annihilated by an azure jelly (35 damage)
             ... created by the Royal Jelly
             ... in the Dungeon (Sprint IX: "|||||||||||||||||||||||||||||") on Aug 6, 2022.
             The game lasted 00:28:55 (7059 turns).

mhtbhm the Heavyweight Champion (Troll Transmuter)  Turns: 7059, Time: 00:28:55

Health: -33/211    AC:  5    Str: 40    XL:     19   Next: 53%
Magic:  0/58       EV: 20    Int:  7    God:    Gozag
Gold:   6740       SH:  5    Dex: 13    Spells: 41/63 levels left

rFire   . . .      SeeInvis .     - Unarmed
rCold   . . .      Faith    .   (shield currently unavailable)
rNeg    . . .      Spirit   +   b - +4 moon troll leather armour {Spirit, Regen++ MP+5}
rPois   +          Reflect  +   N - +0 hat {Will+}
rElec   +          Harm     .   B - +1 cloak of Dowdy Miracles {Str+7 Dex+5}
rCorr   .          Rampage  .   (gloves unavailable)
Will    +++++      NoTele   +   (boots unavailable)
Stlth   +++++++...              O - amulet of the Endless Expanse {Reflect rElec Will+++ MP+9 Dex-4 SH+5}
HPRegen 2.85/turn               (no ring)
MPRegen 0.36/turn               w - ring "Kam No Yps" {rPois Str+4 Dex+2}

@: blade hands, corroded, gold aura, studying Armour
A: large, unfitting armour, claws 3, regeneration 1, shaggy fur 1, tough skin 1,
dopey 1
}: 6/17 runes: decaying, serpentine, barnacled, elven, silver, gossamer
a: End Transformation, Renounce Religion, Potion Petition, Call Merchant, Bribe
Branch


You were in the Dungeon.
You worshipped Gozag.
Gozag was greatly pleased with you.
You had blades for hands.
You visited 1 branch You collected 44586 gold pieces.
You spent 13335 gold pieces at shops.
You paid 24511 gold pieces to Gozag.

Inventory:

Missiles
 n - a curare-tipped dart
 o - 6 poisoned darts (quivered)
 I - 14 large rocks
 J - 11 javelins
Armour
 a - a +1 robe of resistance
 b - the +4 moon troll leather armour (worn) {Spirit, Regen++ MP+5}
   (You bought it in a shop in the Dungeon)

   MP:        It affects your magic capacity (+5).
   Regen:     It increases your rate of health regeneration.
 B - the +1 cloak of Dowdy Miracles (worn) {Str+7 Dex+5}
   (You bought it in a shop in the Dungeon)

   Str:       It affects your strength (+7).
   Dex:       It affects your dexterity (+5).
 F - the +1 cloak of Starlight {*Dazzle EV+4 Stlth--}
   (You bought it in a shop in the Dungeon)

   It may blind those who miss an attack against the wearer in melee combat.
   EV:        It affects your evasion (+4).
   Stlth:     It makes you much less stealthy.
 N - a +0 hat of willpower (worn)
Jewellery
 w - the ring "Kam No Yps" (right blade hand) {rPois Str+4 Dex+2}
   (You bought it in a shop in the Dungeon)

   [ring of poison resistance]

   Str:       It affects your strength (+4).
   Dex:       It affects your dexterity (+2).
   rPois:     It protects you from poison.
 A - the amulet "Jutol" {rPois rN++ Regen+}
   (You bought it in a shop in the Dungeon)

   [amulet of regeneration]

   rPois:     It protects you from poison.
   rN:        It greatly protects you from negative energy.
   Regen:     It increases your rate of health regeneration.
 G - the amulet of Tulips {rC+ Regen+ Str+3}
   (You bought it in a shop in the Dungeon)

   [amulet of regeneration]

   Str:       It affects your strength (+3).
   rC:        It protects you from cold.
   Regen:     It increases your rate of health regeneration.
 O - the amulet of the Endless Expanse (around neck) {Reflect rElec Will+++ MP+9 Dex-4 SH+5}
   (You bought it in a shop in the Dungeon)

   [amulet of reflection]

   It reflects blocked missile attacks.
   Dex:       It affects your dexterity (-4).
   rElec:     It insulates you from electricity.
   MP:        It affects your magic capacity (+9).
   SH:        It affects your SH (+5).
   Will:      It greatly increases your willpower.
 Q - the amulet "Imys" {Reflect Str+4 Slay+2 SH+5 Stlth-}
   (You found it in the Dungeon)

   [amulet of reflection]

   It reflects blocked missile attacks.
   Str:       It affects your strength (+4).
   Slay:      It affects your accuracy & damage with ranged weapons and melee
   (+2).
   SH:        It affects your SH (+5).
   Stlth:     It makes you less stealthy.
 S - the amulet of the Middle {Spirit rElec rPois rC+}
   (You found it in the Dungeon)

   [amulet of guardian spirit]

   It causes incoming damage to be divided between your reserves of health and
   magic.
   rC:        It protects you from cold.
   rElec:     It insulates you from electricity.
   rPois:     It protects you from poison.
 T - the ring "Plog" {Fire Contam rN+ Dex+2}
   (You found it in the Dungeon)

   [ring of fire]

   It enhances your fire magic.
   Dex:       It affects your dexterity (+2).
   rF:        It protects you from fire.
   rC:        It makes you vulnerable to cold.
   rN:        It protects you from negative energy.
   Contam:    It causes magical contamination when unequipped.
 U - the amulet of the Fiend {Reflect +Blink rPois Int+4 SH+5}
   (You found it in the Dungeon)

   [amulet of reflection]

   It reflects blocked missile attacks.
   Int:       It affects your intelligence (+4).
   rPois:     It protects you from poison.
   +Blink:    It lets you blink.
   SH:        It affects your SH (+5).
 V - the ring of Jaran {rElec rF- AC+3 Str+3 Dex+4}
   (You found it in the Dungeon)

   [ring of protection]

   AC:        It affects your AC (+3).
   Str:       It affects your strength (+3).
   Dex:       It affects your dexterity (+4).
   rF:        It makes you vulnerable to fire.
   rElec:     It insulates you from electricity.
Wands
 m - a wand of paralysis (7)
 X - a wand of mindburst (6)
Scrolls
 h - 4 scrolls of blinking
 j - 2 scrolls of amnesia
 l - a scroll of torment {unknown}
 r - 4 scrolls of identify
 s - 8 scrolls of enchant weapon
 t - 10 scrolls of fog
 u - 9 scrolls of enchant armour
 x - 5 scrolls of fear
 y - 2 scrolls of immolation
 H - 3 scrolls of poison
 P - a scroll of vulnerability
Potions
 c - 12 potions of curing
 d - 9 potions of heal wounds
 e - 7 potions of haste
 f - 9 potions of magic
 g - 3 potions of berserk rage
 i - a potion of invisibility
 p - 5 potions of mutation
 q - a potion of brilliance
 v - a potion of lignification
 z - 3 potions of resistance
 C - a potion of ambrosia {unknown}
 E - a potion of might
Miscellaneous
 k - a lightning rod (4/4)
 W - a phantom mirror


   Skills:
 + Level 18.1 Fighting
 + Level 2.9 Throwing
 + Level 7.8 Armour
 + Level 23.4 Dodging
 + Level 18.4 Stealth
 + Level 7.4 Shields
 O Level 27 Unarmed Combat
 + Level 22.6 Spellcasting
 + Level 26.3 Transmutations
 + Level 8.0 Ice Magic
 + Level 4.7 Evocations


You had 41 spell levels left.
You knew the following spells:

 Your Spells              Type           Power      Damage    Failure   Level
a - Beastly Appendage     Tmut           88%        N/A       3%          1
b - Wereblood             Tmut           44%        N/A       3%          2
c - Spider Form           Tmut/Pois      26%        N/A       6%          3
d - Ice Form              Ice/Tmut       31%        N/A       5%          4
e - Dragon Form           Tmut           22%        N/A       7%          7
f - Blade Hands           Tmut           22%        N/A       3%          5

Your spell library contained the following spells:

 Spells                   Type           Power      Damage    Failure   Level
 Sting                    Tmut/Pois      100%       1d8       4%          1
 Irradiate                Conj/Tmut      13%        3d16      13%         5
 Animate Armour           Summ/Erth      14%        N/A       85%         4
 Conjure Ball Lightning   Conj/Air       3%         3x3d6     100%        6
 Iron Shot                Conj/Erth      3%         9d2       100%        6


Dungeon Overview and Level Annotations

Branches:
Dungeon (1/1)

Altars:
Cheibriados
Dithmenos
Elyvilon
Fedhas
Gozag
Hepliaklqana
Kikubaaqudgha
Makhleb
Nemelex Xobeh
Okawaru
Qazlal
Ru
Sif Muna
Trog
Uskayaw
Vehumet
Wu Jian
Xom
Yredelemnul
Zin
The Shining One
Jiyva
Lugonu

Shops:
D ?((!?=[:=:?:?*[=*=*


Innate Abilities, Weirdness & Mutations

You have blades for hands.
Your spellcasting is less reliable in this form.
You are incapable of wielding weapons or throwing items.
You are too large for most types of armour.
You have claws for hands.
Your natural rate of healing is unusually fast.
You are covered in fur. (AC +1)
You have tough skin. (AC +1)
You are dopey. (Int -2)


Message History

The acid blob is moderately wounded.
The acid blob completely misses you.
You shred the acid blob!!! The acid corrodes you!
Your blade hands burn!
You slash the acid blob!
You kill the acid blob!
That felt strangely unrewarding.
The azure jelly closely misses you. The azure jelly misses you.
The azure jelly barely misses you. The azure jelly completely misses you.
You see here 234 gold pieces.
You shred the azure jelly!!!
The azure jelly is severely wounded.
The azure jelly barely misses you. You block the azure jelly's attack.
The azure jelly barely misses you. The azure jelly closely misses you.
You slice the azure jelly!!
The azure jelly is almost dead.
The azure jelly hits you! The azure jelly freezes you!!
The azure jelly completely misses you. The azure jelly hits you.
The azure jelly completely misses you.
You shred the azure jelly!!!
You kill the azure jelly!
That felt strangely unrewarding.
The azure jelly hits you. The azure jelly freezes you!!!
The azure jelly hits you. The azure jelly freezes you!!!
* * * LOW HITPOINT WARNING * * *
The azure jelly hits you.
* * * LOW HITPOINT WARNING * * *
The azure jelly closely misses you.
You see here 189 gold pieces.
Unknown command.
You slice the azure jelly!!
The azure jelly is moderately wounded.
The azure jelly hits you!
* * * LOW HITPOINT WARNING * * *
The azure jelly freezes you!!
* * * LOW HITPOINT WARNING * * *
The azure jelly hits you.
* * * LOW HITPOINT WARNING * * *
The azure jelly freezes you!!!
You die...
Your body crumbles into a pile of gold.

'▓.▓[▓.▓)▓.▓.▓.▓.▓,*,*,*,*
)▓.▓.▓.▓.▓.▓.▓.▓.▓,*,*,*,*
.▓.▓.▓.▓)▓.▓.▓.▓.▓,*,*,*,*
)▓.▓.▓.▓.▓.▓)▓.▓.▓,*+*,*,*
(▓.▓.▓.▓)▓.▓.▓.▓.▓,*,*,*,*
)▓.▓.▓.▓)▓.▓.▓.▓.▓,*,*,*,*
[▓.▓.▓.▓)▓.▓.▓.▓'▓,*,*,*,*
.▓.▓.▓.▓'▓.▓.▓.▓$▓,*,*,*+*
.▓.▓.▓.▓)▓.▓.▓.▓@▓,*,*,*,*
.▓.▓.▓.▓)▓.▓.▓.▓J▓,*,*,*+*
)▓.▓.▓.▓.▓.▓.▓.▓.▓,*,*,*,*
.▓.▓.▓.▓[▓.▓.▓.▓$▓,*,*,*,*
)▓.▓.▓.▓[▓.▓.▓.▓.▓,*,*,*,*
)▓.▓.▓.▓.▓.▓.▓.▓.▓,*+*,*,*
.▓.▓.▓.▓.▓.▓'▓.▓.▓,*,*,*,*
)▓.▓.▓.▓.▓.▓.▓.▓.▓,*,*,*,*
.▓.▓.▓.▓.▓.▓.▓.▓,*,*,*,*,*


You could see an azure jelly.

Vanquished Creatures
  the Royal Jelly (D)
  5 ancient liches (D)
  5 orbs of fire (D)
  Sojobo (D)
  Frederick (D)
  Margery (D)
  A curse toe (D)
  Xtahua (D)
  5 golden dragons (D)
  Jory (D)
  3 electric golems (D)
  5 tentacled monstrosities (D)
  29 Orb Guardians (D)
  2 deep elf master archers (D)
  3 liches (D)
  7 acid blobs (D)
  A walking frostbound tome (D)
  6 deep elf blademasters (D)
  2 quicksilver dragons (D)
  2 death cobs (D)
  2 tengu reavers (D)
  3 storm dragons (D)
  Kirke (D)
  Agnes (D)
  A draconian monk (D)
  2 deep elf sorcerers (D)
  A fire giant (D)
  5 nagarajas (D)
  Ilsuiw (D)
  8 shadow dragons (D)
  A rockslime (D)
  6 ghost moths (D)
  5 frost giants (D)
  3 emperor scorpions (D)
  A draconian scorcher (D)
  2 vault wardens (D)
  2 draconian knights (D)
  Louise (D)
  3 azure jellies (D)
  A draconian shifter (D)
  A draconian annihilator (D)
  4 draconian stormcallers (D)
  A spriggan defender (D)
  5 very ugly things (D)
  A quicksilver ooze (D)
  3 ironbound preservers (D)
  2 stone giants (D)
  An eleionoma (D)
  2 black draconians (D)
  7 vampire knights (D)
  2 green draconians (D)
  2 deep elf demonologists (D)
  A white draconian (D)
  5 red draconians (D)
  4 purple draconians (D)
  A dire elephant (D)
  3 yellow draconians (D)
  Nessos (D)
  A spark wasp (D)
  A bunyip (D)
  A deep elf annihilator (D)
  A deep elf death mage (D)
  4 merfolk impalers (D)
  3 merfolk javelineers (D)
  Josephine (D)
  4 ettins (D)
  5 fire dragons (D)
  3 rakshasas (D)
  25 vault guards (D)
  A peacekeeper (D)
  A deep elf high priest (D)
  4 ice dragons (D)
  2 great orbs of eyes (D)
  3 merfolk avatars (D)
  6 hydras (D)
  3 spriggan air magi (D)
  3 merfolk aquamancers (D)
  3 boulder beetles (D)
  An ironbound frostheart (D)
  A deep troll earth mage (D)
  An alligator (D)
  A radroach (D)
  A two-headed ogre (shapeshifter) (D)
  A centaur warrior (D)
  A deep troll shaman (D)
  Urug (D)
  A tengu warrior (D)
  3 hell knights (D)
  A naga sharpshooter (D)
  Nergalle (D)
  A shock serpent (D)
  A salamander mystic (D)
  12 spriggans (D)
  A goliath frog (D)
  A steelbarb worm (D)
  A glowing orange brain (D)
  A skeletal warrior (D)
  6 swamp dragons (D)
  2 bog bodies (D)
  A harpy (D)
  2 orb spiders (D)
  A lindwurm (D)
  3 orc knights (D)
  3 ironbound convokers (D)
  6 necromancers (D)
  A mana viper (D)
  2 ugly things (D)
  2 wolf spiders (D)
  4 moths of wrath (D)
  3 manticores (D)
  9 orc sorcerers (D)
  A cyclops (D)
  A manticore (shapeshifter) (D)
  A will-o-the-wisp (D)
  4 black mambas (D)
  A naga mage (D)
  An elephant (shapeshifter) (D)
  3 guardian serpents (D)
  7 vault sentinels (D)
  3 cane toads (D)
  A rime drake (D)
  2 tengu conjurers (D)
  A yaktaur (D)
  3 demonic crawlers (D)
  A freezing wraith (D)
  4 trolls (D)
  4 merfolk (D)
  A bloated husk (D)
  A hornet (D)
  A polar bear (D)
  A tarantella (D)
  A slime creature (D)
  A jumping spider (D)
  2 yaks (D)
  2 water elementals (D)
  A culicivora (D)
  5 wraiths (D)
  A wyvern (D)
  A golden eye (D)
  3 redbacks (D)
  2 vampire mosquitoes (D)
  2 wargs (D)
  A water moccasin (D)
  A naga (shapeshifter) (D)
  6 nagas (D)
  2 hell hounds (D)
  2 swamp drakes (D)
  A floating eye (D)
  12 orc warriors (D)
  5 wolves (D)
  2 kobold brigands (D)
  4 bullfrogs (D)
  A necrophage (D)
  7 orc priests (D)
  2 hounds (D)
  An iguana (shapeshifter) (D)
  6 orc wizards (D)
  2 dart slugs (D)
  5 orcs (D)
  A jackal (D)
  A ball python (D)
  2 frilled lizards (D)
  A rat (D)
458 creatures vanquished.

Vanquished Creatures (others)
  A yak (D)
  A foxfire (D)
2 creatures vanquished.

Grand Total: 460 creatures vanquished

Notes
Turn   | Place    | Note
-------+----------+-------------------------------------------
     0 | D        | mhtbhm the Troll Transmuter began the quest for the Orb.
     0 | D        | Reached XP level 1. HP: 18/18 MP: 1/1
   123 | D        | Noticed a hound
   123 | D        | Noticed a hound
   123 | D        | Noticed a necrophage
   126 | D        | Reached skill level 4 in Unarmed Combat
   129 | D        | Killed a hound
   130 | D        | Reached skill level 1 in Fighting
   130 | D        | Reached skill level 5 in Unarmed Combat
   130 | D        | Reached XP level 2. HP: 27/27 MP: 0/4
   130 | D        | Reached XP level 3. HP: 33/33 MP: 0/5
   134 | D        | Reached skill level 6 in Unarmed Combat
   134 | D        | Reached XP level 4. HP: 41/41 MP: 0/6
   138 | D        | Killed a necrophage
   139 | D        | Reached skill level 7 in Unarmed Combat
   144 | D        | Found a snail-covered altar of Cheibriados.
   144 | D        | Found a shadowy altar of Dithmenos.
   144 | D        | Found a white marble altar of Elyvilon.
   144 | D        | Found a blossoming altar of Fedhas.
   144 | D        | Found an opulent altar of Gozag.
   145 | D        | Found a hazy altar of Hepliaklqana.
   146 | D        | Found a viscous altar of Jiyva.
   147 | D        | Found an ancient bone altar of Kikubaaqudgha.
   148 | D        | Found a corrupted altar of Lugonu.
   149 | D        | Found a burning altar of Makhleb.
   150 | D        | Found a sparkling altar of Nemelex Xobeh.
   151 | D        | Found an iron altar of Okawaru.
   152 | D        | Found a stormy altar of Qazlal.
   153 | D        | Found a sacrificial altar of Ru.
   156 | D        | Became a worshipper of Gozag Ym Sagoz the Greedy
   160 | D        | Learned a level 2 spell: Wereblood
   164 | D        | Learned a level 3 spell: Spider Form
   166 | D        | Found a shimmering blue altar of Sif Muna.
   167 | D        | Found a bloodstained altar of Trog.
   168 | D        | Found a hide-covered altar of Uskayaw.
   169 | D        | Found a radiant altar of Vehumet.
   170 | D        | Found an ornate altar of the Wu Jian Council.
   171 | D        | Found a shimmering altar of Xom.
   172 | D        | Found a basalt altar of Yredelemnul.
   173 | D        | Found a glowing silver altar of Zin.
   174 | D        | Found a glowing golden altar of the Shining One.
   206 | D        | Noticed a troll
   206 | D        | Noticed a troll
   206 | D        | Noticed a yak
   206 | D        | Noticed a kobold brigand
   206 | D        | Noticed a troll
   206 | D        | Noticed a kobold brigand
   211 | D        | Killed a yak
   212 | D        | Reached skill level 8 in Unarmed Combat
   212 | D        | Reached XP level 5. HP: 30/48 MP: 1/8
   216 | D        | Killed a troll
   217 | D        | Reached skill level 1 in Stealth
   217 | D        | Reached skill level 10 in Unarmed Combat
   217 | D        | Reached XP level 6. HP: 25/59 MP: 2/10
   217 | D        | Killed a troll
   218 | D        | Reached skill level 5 in Dodging
   218 | D        | Reached skill level 11 in Unarmed Combat
   218 | D        | Reached XP level 7. HP: 30/66 MP: 2/12
   221 | D        | Killed a troll
   222 | D        | Reached skill level 12 in Unarmed Combat
   222 | D        | Reached skill level 1 in Evocations
   309 | D        | Learned a level 4 spell: Ice Form
   311 | D        | Noticed a troll
   311 | D        | Noticed a manticore
   311 | D        | Noticed a vampire mosquito
   311 | D        | Noticed a vampire mosquito
   311 | D        | Noticed a green ugly thing
   315 | D        | Killed a troll
   316 | D        | Reached skill level 5 in Spellcasting
   316 | D        | Reached XP level 8. HP: 28/75 MP: 10/14
   323 | D        | Killed a manticore
   324 | D        | Reached skill level 13 in Unarmed Combat
   324 | D        | Reached skill level 5 in Transmutations
   327 | D        | Killed a green ugly thing
   330 | D        | Reached XP level 9. HP: 34/85 MP: 12/16
   338 | D        | Reached skill level 14 in Unarmed Combat
   456 | D        | Reached skill level 1 in Throwing
   470 | D        | Noticed Josephine
   481 | D        | Killed Josephine
   482 | D        | Reached skill level 5 in Fighting
   486 | D        | Reached skill level 15 in Unarmed Combat
   857 | D        | Noticed a cane toad
   857 | D        | Noticed a boulder beetle
   864 | D        | Killed a cane toad
   865 | D        | Reached XP level 10. HP: 87/96 MP: 12/18
   877 | D        | Killed a boulder beetle
   878 | D        | Reached skill level 1 in Ice Magic
   933 | D        | Noticed a cane toad
   933 | D        | Noticed a boulder beetle
   933 | D        | Noticed a cane toad
   940 | D        | Reached skill level 16 in Unarmed Combat
   941 | D        | Noticed a five-headed hydra
   947 | D        | Killed a boulder beetle
   949 | D        | Killed a cane toad
   950 | D        | Noticed a black mamba
   954 | D        | Killed a five-headed hydra
   955 | D        | Reached skill level 17 in Unarmed Combat
   957 | D        | Killed a cane toad
   963 | D        | Killed a black mamba
   964 | D        | Reached XP level 11. HP: 35/105 MP: 16/20
  1211 | D        | Reached skill level 18 in Unarmed Combat
  1514 | D        | Found Waraddem's Magic Scroll Emporium.
  1514 | D        | Noticed an orc sorcerer
  1514 | D        | Noticed an orc sorcerer
  1514 | D        | Noticed an orc sorcerer
  1514 | D        | Noticed an orc sorcerer
  1516 | D        | Killed an orc sorcerer
  1517 | D        | Noticed an orc sorcerer
  1518 | D        | Killed an orc sorcerer
  1519 | D        | Found Egi Ovap's Antique Weapon Shoppe.
  1520 | D        | Noticed a sixfirhy
  1521 | D        | Killed an orc sorcerer
  1522 | D        | Reached skill level 19 in Unarmed Combat
  1522 | D        | Killed an orc sorcerer
  1523 | D        | Noticed an orc sorcerer
  1525 | D        | Found Acluits's Antique Weapon Emporium.
  1528 | D        | Killed an orc sorcerer
  1529 | D        | Found Kajashul's Distillery.
  1532 | D        | Killed an orc sorcerer
  1533 | D        | Noticed an orc sorcerer
  1535 | D        | Noticed an orc sorcerer
  1537 | D        | Noticed an orc sorcerer
  1544 | D        | Paralysed by an orc sorcerer for 3 turns
  1547 | D        | Killed an orc sorcerer
  1548 | D        | Killed an orc sorcerer
  1551 | D        | Killed an orc sorcerer
  1611 | D        | Bought a scroll of fog for 44 gold pieces
  1611 | D        | Bought a scroll of fear for 44 gold pieces
  1611 | D        | Bought a scroll of enchant armour for 82 gold pieces
  1611 | D        | Bought 3 scrolls of blinking for 247 gold pieces
  1611 | D        | Bought a scroll of immolation for 44 gold pieces
  1617 | D        | Bought 2 potions of resistance for 240 gold pieces
  1617 | D        | Bought 2 potions of curing for 72 gold pieces
  1617 | D        | Bought a potion of haste for 120 gold pieces
  1617 | D        | Bought a potion of attraction for 36 gold pieces
  1617 | D        | Bought a potion of attraction for 36 gold pieces
  1769 | D        | Bought the +1 cloak of Starlight {*Dazzle EV+4 Stlth--} for
                  | 945 gold pieces
  1769 | D        | Found the +1 cloak of Starlight {*Dazzle EV+4 Stlth--}
  1782 | D        | Bought the ring "Kam No Yps" {rPois Str+4 Dex+2} for 554
                  | gold pieces
  1782 | D        | Bought the amulet of Tulips {rC+ Regen+ Str+3} for 704 gold
                  | pieces
  1793 | D        | Bought a scroll of enchant armour for 135 gold pieces
  1793 | D        | Bought a scroll of poison for 72 gold pieces
  1793 | D        | Bought a scroll of poison for 72 gold pieces
  1896 | D        | Noticed a cyan ugly thing
  1896 | D        | Noticed an orc knight
  1896 | D        | Noticed a centaur warrior
  1896 | D        | Noticed a skeletal warrior
  1899 | D        | Killed a cyan ugly thing
  1900 | D        | Reached skill level 20 in Unarmed Combat
  1902 | D        | Noticed a boulder beetle
  1904 | D        | Killed an orc knight
  1905 | D        | Reached skill level 5 in Stealth
  1907 | D        | Killed a centaur warrior
  1908 | D        | Noticed a glowing orange brain
  1909 | D        | Noticed an ettin
  1911 | D        | Reached XP level 12. HP: 115/115 MP: 16/23
  1911 | D        | Noticed a red very ugly thing
  1912 | D        | Noticed a deep troll earth mage
  1918 | D        | Killed a boulder beetle
  1923 | D        | Noticed a stone giant
  1926 | D        | Killed a red very ugly thing
  1927 | D        | Reached skill level 21 in Unarmed Combat
  1982 | D        | Killed an ettin
  1993 | D        | Killed a deep troll earth mage
  1999 | D        | Killed a stone giant
  2067 | D        | Noticed a tengu warrior
  2077 | D        | Killed a tengu warrior
  2078 | D        | Noticed an ettin
  2088 | D        | Killed an ettin
  2147 | D        | Noticed Urug
  2159 | D        | Killed Urug
  2245 | D        | Reached skill level 22 in Unarmed Combat
  2356 | D        | Bought the Catalogue of Floating Forms for 748 gold pieces
  2364 | D        | Learned a level 7 spell: Dragon Form
  2366 | D        | Noticed a merfolk avatar
  2366 | D        | Noticed a merfolk impaler
  2372 | D        | Noticed a merfolk impaler
  2375 | D        | Reached skill level 5 in Ice Magic
  2378 | D        | Killed a merfolk avatar
  2379 | D        | Reached XP level 13. HP: 124/124 MP: 20/25
  2384 | D        | Killed a merfolk impaler
  2385 | D        | Reached skill level 23 in Unarmed Combat
  2390 | D        | Killed a merfolk impaler
  2475 | D        | Noticed a bunyip
  2475 | D        | Noticed an eleionoma
  2483 | D        | Killed an eleionoma
  2484 | D        | Reached skill level 10 in Transmutations
  2485 | D        | Reached skill level 24 in Unarmed Combat
  2489 | D        | Killed a bunyip
  2652 | D        | Noticed Agnes
  2658 | D        | Killed Agnes
  2708 | D        | Noticed Nergalle
  2722 | D        | Killed Nergalle
  2723 | D        | Reached skill level 10 in Dodging
  2781 | D        | Noticed a frost giant
  2781 | D        | Noticed an ettin
  2781 | D        | Noticed a fire dragon
  2781 | D        | Noticed a spark wasp
  2781 | D        | Noticed a vampire knight
  2784 | D        | Killed a frost giant
  2786 | D        | Killed an ettin
  2787 | D        | Reached skill level 25 in Unarmed Combat
  2787 | D        | Noticed a fire giant
  2797 | D        | Killed a fire dragon
  2800 | D        | Noticed a frost giant
  2803 | D        | Killed a vampire knight
  2866 | D        | Killed a fire giant
  2867 | D        | Reached skill level 10 in Spellcasting
  2884 | D        | Killed a frost giant
  2887 | D        | Killed a spark wasp
  2899 | D        | Reached XP level 14. HP: 68/137 MP: 24/27
  2949 | D        | Noticed a red very ugly thing
  2960 | D        | Killed a red very ugly thing
  2964 | D        | Reached skill level 26 in Unarmed Combat
  3167 | D        | Noticed a red very ugly thing
  3167 | D        | Noticed an ironbound preserver
  3171 | D        | Killed a red very ugly thing
  3181 | D        | Killed an ironbound preserver
  3188 | D        | Noticed a vault warden
  3200 | D        | Reached skill level 27 in Unarmed Combat
  3200 | D        | Noticed a white very ugly thing
  3203 | D        | Killed a vault warden
  3214 | D        | Noticed a vault warden
  3216 | D        | Killed a white very ugly thing
  3235 | D        | Killed a vault warden
  3364 | D        | Noticed Xtahua
  3366 | D        | Noticed Kirke
  3372 | D        | Killed Xtahua
  3377 | D        | Killed Kirke
  3395 | D        | Noticed Margery
  3415 | D        | Killed Margery
  3505 | D        | Found the +3 pair of seven-league boots {Rampage+∞}
  3570 | D        | Bought the amulet of the Endless Expanse {Reflect rElec
                  | Will+++ MP+9 Dex-4 SH+5} for 1402 gold pieces
  3595 | D        | Noticed Frederick
  3607 | D        | Killed Frederick
  3608 | D        | Reached skill level 10 in Fighting
  3670 | D        | Bought a book of Transfigurations for 640 gold pieces
  3676 | D        | Learned a level 5 spell: Blade Hands
  3684 | D        | Noticed a nagaraja
  3685 | D        | Noticed a nagaraja
  3689 | D        | Killed a nagaraja
  3692 | D        | Noticed a nagaraja
  3699 | D        | Noticed a nagaraja
  3701 | D        | Killed a nagaraja
  3702 | D        | Noticed a nagaraja
  3705 | D        | Killed a nagaraja
  3706 | D        | Reached XP level 15. HP: 62/149 MP: 22/29
  3709 | D        | Killed a nagaraja
  3719 | D        | Killed a nagaraja
  3874 | D        | Got a serpentine rune of Zot
  3956 | D        | Noticed Ilsuiw
  3963 | D        | Reached skill level 15 in Transmutations
  3968 | D        | Killed Ilsuiw
  3994 | D        | Noticed an emperor scorpion
  3994 | D        | Noticed an emperor scorpion
  3994 | D        | Noticed an emperor scorpion
  3995 | D        | Killed an emperor scorpion
  3997 | D        | Killed an emperor scorpion
  3999 | D        | Killed an emperor scorpion
  4020 | D        | Reached skill level 10 in Stealth
  4047 | D        | Got a gossamer rune of Zot
  4071 | D        | Got a barnacled rune of Zot
  4094 | D        | Got a decaying rune of Zot
  4169 | D        | Noticed Louise
  4176 | D        | Killed Louise
  4244 | D        | Bought a scroll of enchant armour for 105 gold pieces
  4244 | D        | Bought a scroll of fog for 56 gold pieces
  4244 | D        | Bought a scroll of blinking for 105 gold pieces
  4304 | D        | Reached XP level 16. HP: 162/162 MP: 30/33
  4397 | D        | Noticed a golden dragon
  4407 | D        | Noticed a shadow dragon
  4411 | D        | Killed a golden dragon
  4412 | D        | Reached skill level 15 in Spellcasting
  4418 | D        | Noticed a shadow dragon
  4422 | D        | Killed a shadow dragon
  4426 | D        | Reached skill level 15 in Dodging
  4432 | D        | Killed a shadow dragon
  4496 | D        | Noticed a shadow dragon
  4496 | D        | Noticed an ancient lich
  4496 | D        | Noticed a shadow dragon
  4496 | D        | Noticed a shadow dragon
  4498 | D        | Killed an ancient lich
  4499 | D        | Noticed a golden dragon
  4502 | D        | Killed a shadow dragon
  4504 | D        | Noticed a shadow dragon
  4506 | D        | Killed a shadow dragon
  4508 | D        | Killed a shadow dragon
  4511 | D        | Killed a golden dragon
  4514 | D        | Killed a shadow dragon
  4530 | D        | Got a silver rune of Zot
  4586 | D        | Noticed a tengu reaver
  4588 | D        | Noticed a tengu reaver
  4589 | D        | Noticed Sojobo
  4592 | D        | Killed a tengu reaver
  4594 | D        | Killed a tengu reaver
  4595 | D        | Paralysed by an air elemental for 1 turns
  4601 | D        | Killed Sojobo
  4620 | D        | Noticed Jory
  4631 | D        | Killed Jory
  4675 | D        | Got the amulet "Imys" {Reflect Str+4 Slay+2 SH+5 Stlth-}
  4677 | D        | Got the amulet of the Middle {Spirit rElec rPois rC+}
  4679 | D        | Got the ring "Plog" {Fire Contam rN+ Dex+2}
  4681 | D        | Got the amulet of the Fiend {Reflect +Blink rPois Int+4
                  | SH+5}
  4683 | D        | Got the ring of Jaran {rElec rF- AC+3 Str+3 Dex+4}
  4795 | D        | Noticed Nessos
  4805 | D        | Killed Nessos
  4829 | D        | Noticed a walking frostbound tome
  4833 | D        | Killed a walking frostbound tome
  5056 | D        | Noticed a golden dragon
  5068 | D        | Reached XP level 17. HP: 119/175 MP: 24/37
  5074 | D        | Killed a golden dragon
  5179 | D        | Noticed a tentacled monstrosity
  5179 | D        | Noticed a tentacled monstrosity
  5179 | D        | Noticed a tentacled monstrosity
  5183 | D        | Killed a tentacled monstrosity
  5186 | D        | Killed a tentacled monstrosity
  5188 | D        | Killed a tentacled monstrosity
  5259 | D        | Bought a phantom mirror for 1720 gold pieces
  5259 | D        | Bought a potion of mutation for 344 gold pieces
  5259 | D        | Bought a sharpened bronze wand for 172 gold pieces
  5259 | D        | Bought a scroll of fog for 172 gold pieces
  5262 | D        | Bought a scroll of fog for 64 gold pieces
  5265 | D        | Bought a manual of Armour for 1520 gold pieces
  5272 | D        | Noticed a tentacled monstrosity
  5284 | D        | Killed a tentacled monstrosity
  5296 | D        | Noticed a quicksilver dragon
  5298 | D        | Killed a quicksilver dragon
  5520 | D        | Noticed an orb of fire
  5526 | D        | Killed an orb of fire
  5527 | D        | Noticed a golden dragon
  5533 | D        | Noticed a quicksilver dragon
  5549 | D        | Killed a golden dragon
  5553 | D        | Killed a quicksilver dragon
  5697 | D        | Upgraded the game from 0.29-a0-993-g4a18f31a58 to
                  | 0.29-a0-998-g1987434951
  5788 | D        | Noticed an Orb Guardian
  5788 | D        | Noticed an Orb Guardian
  5788 | D        | Noticed an Orb Guardian
  5788 | D        | Noticed an Orb Guardian
  5788 | D        | Noticed an Orb Guardian
  5788 | D        | Noticed an Orb Guardian
  5791 | D        | Killed an Orb Guardian
  5792 | D        | Noticed an Orb Guardian
  5794 | D        | Killed an Orb Guardian
  5795 | D        | Reached skill level 15 in Stealth
  5795 | D        | Killed an Orb Guardian
  5796 | D        | Noticed an Orb Guardian
  5797 | D        | Noticed an Orb Guardian
  5799 | D        | Killed an Orb Guardian
  5803 | D        | Killed an Orb Guardian
  5804 | D        | Noticed an Orb Guardian
  5805 | D        | Killed an Orb Guardian
  5810 | D        | Killed an Orb Guardian
  5812 | D        | Killed an Orb Guardian
  5814 | D        | Killed an Orb Guardian
  5817 | D        | Killed an Orb Guardian
  5866 | D        | Noticed an Orb Guardian
  5866 | D        | Noticed an Orb Guardian
  5866 | D        | Noticed a tentacled monstrosity
  5867 | D        | Noticed an Orb Guardian
  5871 | D        | Noticed an Orb Guardian
  5876 | D        | Killed an Orb Guardian
  5877 | D        | Reached XP level 18. HP: 191/191 MP: 40/40
  5879 | D        | Killed a tentacled monstrosity
  5881 | D        | Killed an Orb Guardian
  5885 | D        | Killed an Orb Guardian
  5886 | D        | Killed an Orb Guardian
  5940 | D        | Bought a lightning rod (4/4) for 720 gold pieces
  5940 | D        | Bought a scroll labelled ARCHUKL RONIKUP for 24 gold pieces
  5940 | D        | Bought a crooked silver wand for 96 gold pieces
  5945 | D        | Bought the +4 moon troll leather armour {Spirit, Regen++
                  | MP+5} for 872 gold pieces
  5945 | D        | Found the +4 moon troll leather armour {Spirit, Regen++
                  | MP+5}
  5980 | D        | Noticed an ancient lich
  5991 | D        | Killed an ancient lich
  5992 | D        | Reached skill level 15 in Fighting
  6031 | D        | Noticed an orb of fire
  6034 | D        | Killed an orb of fire
  6035 | D        | Reached skill level 1 in Armour
  6038 | D        | Noticed an electric golem
  6042 | D        | Killed an electric golem
  6048 | D        | Noticed an electric golem
  6048 | D        | Noticed an orb of fire
  6048 | D        | Noticed an electric golem
  6048 | D        | Noticed a curse toe
  6048 | D        | Noticed an orb of fire
  6052 | D        | Killed an electric golem
  6056 | D        | Killed an orb of fire
  6060 | D        | Reached skill level 1 in Shields
  6060 | D        | Noticed an orb of fire
  6060 | D        | Gained mutation: You are dopey. (Int -2) [an orb of fire]
  6062 | D        | Killed an orb of fire
  6065 | D        | Killed a curse toe
  6065 | D        | Noticed a golden dragon
  6067 | D        | Noticed an Orb Guardian
  6071 | D        | Noticed an Orb Guardian
  6072 | D        | Killed an orb of fire
  6073 | D        | Noticed an Orb Guardian
  6075 | D        | Killed a golden dragon
  6082 | D        | Killed an Orb Guardian
  6085 | D        | Killed an Orb Guardian
  6091 | D        | Killed an Orb Guardian
  6098 | D        | Killed an electric golem
  6162 | D        | Bought the amulet "Jutol" {rPois rN++ Regen+} for 723 gold
                  | pieces
  6210 | D        | Noticed an Orb Guardian
  6210 | D        | Noticed an Orb Guardian
  6210 | D        | Noticed an Orb Guardian
  6210 | D        | Noticed an Orb Guardian
  6210 | D        | Noticed an Orb Guardian
  6210 | D        | Noticed an Orb Guardian
  6214 | D        | Killed an Orb Guardian
  6217 | D        | Killed an Orb Guardian
  6218 | D        | Killed an Orb Guardian
  6219 | D        | Noticed an Orb Guardian
  6220 | D        | Noticed an Orb Guardian
  6222 | D        | Killed an Orb Guardian
  6223 | D        | Killed an Orb Guardian
  6224 | D        | Noticed an Orb Guardian
  6225 | D        | Killed an Orb Guardian
  6232 | D        | Killed an Orb Guardian
  6233 | D        | Noticed an Orb Guardian
  6235 | D        | Noticed an Orb Guardian
  6237 | D        | Killed an Orb Guardian
  6239 | D        | Noticed an Orb Guardian
  6241 | D        | Killed an Orb Guardian
  6243 | D        | Killed an Orb Guardian
  6246 | D        | Killed an Orb Guardian
  6249 | D        | Killed an Orb Guardian
  6250 | D        | Reached skill level 5 in Shields
  6371 | D        | Noticed a lich
  6371 | D        | Noticed an ancient lich
  6382 | D        | Killed an ancient lich
  6387 | D        | Killed a lich
  6389 | D        | Noticed an ancient lich
  6391 | D        | Noticed a lich
  6397 | D        | Reached skill level 5 in Armour
  6398 | D        | Noticed an ancient lich
  6401 | D        | Reached XP level 19. HP: 129/206 MP: 18/43
  6402 | D        | Killed an ancient lich
  6410 | D        | Killed an ancient lich
  6449 | D        | Bought a brightly glowing cloak for 370 gold pieces
  6449 | D        | Identified the +1 cloak of Dowdy Miracles {Str+7 Dex+5}
                  | (You bought it in a shop in the Dungeon)
  6449 | D        | Bought a viscous cyan potion for 35 gold pieces
  6459 | D        | Upgraded the game from 0.29-a0-998-g1987434951 to
                  | 0.29-a0-1006-g0dd7720b37
  6615 | D        | Noticed a Tzitzimitl
  6617 | D        | HP: 9/315 [deep elf blademaster/+0 rapier (8)]
  6748 | D        | Got an elven rune of Zot
  6898 | D        | Noticed the Royal Jelly
  7027 | D        | Paralysed by a floating eye for 4 turns
  7042 | D        | Killed the Royal Jelly
  7059 | D        | HP: 5/211 [azure jelly[the Royal Jelly] (17)]
  7059 | D        | HP: 2/211 [azure jelly[the Royal Jelly] (3)]
  7059 | D        | Annihilated by an azure jelly

Illustrated notes

Levels and vault maps discovered:
D:        linesprint [early_d, line_temple, items_1, d_10, items_2, lair_1,
          lair_end, items_3, orc_1, orc_end, items_4, d_15, swamp_1, shoals_1,
          snake_1, spider_1, d_20, vaults_1, items_5, swamp_end, shoals_end,
          snake_end, spider_end, vaults_end, d_27, items_6, zot_1, zot_end,
          crypt_end, forest_end, elf_end, slime_end, tomb_end, abyss_end,
          pan_hell_end]

Skill      XL: |  1  2  3  4  5  6  7  8  9 10 11 12 13 14 15 16 17 18 19 |
---------------+----------------------------------------------------------+-----
Dodging        | 2 3 4 5 6 7 8 9 10 12 14 16 19 22 23 | 23.4
Unarmed Combat | 5 6 8 10 11 12 13 15 17 20 22 25 27 | 27.0
Fighting       | 1 2 3 4 5 6 7 8 10 11 12 14 16 18 | 18.1
Spellcasting   | 2 3 4 5 6 7 8 9 10 11 14 17 19 21 22 | 22.6
Transmutations | 2 3 4 5 6 7 8 9 11 13 17 20 22 24 26 | 26.3
Stealth        | 1 2 3 4 5 6 8 10 12 15 17 18 | 18.4
Evocations     | 1 2 3 4 |  4.7
Throwing       | 2 |  2.9
Ice Magic      | 2 4 5 6 7 8 |  8.0
Armour         | 5 7 |  7.8
Shields        | 5 7 |  7.4

Action                   |  1- 3 |  4- 6 |  7- 9 | 10-12 | 13-15 | 16-18 | 19-21 || total
-------------------------+-------+-------+-------+-------+-------+-------+-------++-------
Melee: Unarmed           |    21 |    13 |    45 |   205 |   357 |   348 |   103 ||  1092
       Kick              |     2 |     3 |     5 |     5 |     3 |       |       ||    18
       Headbutt          |       |     1 |     3 |     4 |     2 |       |       ||    10
       Punch             |       |       |     4 |     2 |    29 |    63 |    14 ||   112
       Tailslap          |       |       |       |       |    15 |    44 |     5 ||    64
       Bite              |       |       |       |       |     9 |    38 |     4 ||    51
Throw: Dart              |       |       |     5 |       |       |       |       ||     5
 Cast: Beastly Appendage |     1 |     1 |     2 |     1 |     2 |       |       ||     7
       Wereblood         |       |     1 |     4 |    10 |    17 |    11 |     3 ||    46
       Ice Form          |       |       |     1 |     8 |     8 |     1 |       ||    18
       Blade Hands       |       |       |       |       |     2 |     2 |     2 ||     6
       Dragon Form       |       |       |       |       |     4 |    14 |     2 ||    20
Invok: Call Merchant     |       |       |       |     4 |     3 |     7 |     1 ||    15
 Abil: End Transformatio |       |       |       |       |       |     1 |       ||     1
Evoke: Wand              |       |     3 |     2 |     2 |     3 |       |       ||    10
       Lightning rod     |       |       |       |       |       |       |     4 ||     4
  Use: Potion            |       |       |     3 |     1 |     4 |     3 |     5 ||    16
       Scroll            |       |       |       |     1 |     1 |     5 |     2 ||     9
 Stab: Invisible         |       |     2 |     3 |     4 |     5 |     1 |       ||    15
       Distracted        |       |       |       |     2 |     9 |    11 |       ||    22
       Sleeping          |       |       |       |       |     1 |     3 |     1 ||     5
Armor: Robe              |     8 |     4 |     1 |     3 |     4 |     3 |       ||    23
       Skin              |       |       |     9 |    11 |    29 |    65 |     7 ||   121
       Troll leather arm |       |       |       |       |       |     1 |     5 ||     6
Dodge: Dodged            |     5 |    15 |    11 |    66 |   103 |   102 |    46 ||   348
Block: Other             |       |       |       |       |       |     8 |     5 ||    13
       Reflection        |       |       |       |       |       |     1 |       ||     1

Table legend: (Time is in decaauts)
 A = Elapsed time spent in this place.
 B = Non-inter-level travel time spent in this place.
 C = Inter-level travel time spent in this place.
 D = Time resting spent in this place.
 E = Time spent auto-exploring this place.
 F = Levels seen in this place.
 G = Mean time per level.
                   A        B        C        D        E       F      G
               +--------+--------+--------+--------+--------+-----+--------+
         Total |   6569 |   6569 |      0 |   2139 |    963 |   1 | 6569.0 |
       Dungeon |   6569 |   6569 |      0 |   2139 |    963 |   1 | 6569.0 |
               +--------+--------+--------+--------+--------+-----+--------+

Top non-repeatable levels by time:
       D: 6569 daAuts
